 Dungeon Crawl Stone Soup version 0.30.1-11-g7821555f0a (webtiles) character file.

Game seed: 9400576843074985647

7275 Nonny the Grappler (level 10, -3/100 HPs)
             Began as a Troll Cinder Acolyte on Oct 30, 2023.
             Was a High Priest of Ignis.
             Slain by an eight-headed hydra (6 damage)
             ... on level 9 of the Dungeon.
             The game lasted 00:30:30 (7164 turns).

Nonny the Grappler (Troll Cinder Acolyte)           Turns: 7164, Time: 00:30:31

Health: -3/100     AC:  9    Str: 24    XL:     10   Next: 89%
Magic:  13/13      EV:  9    Int: 14    God:    Ignis [*****.]
Gold:   495        SH:  0    Dex:  5    Spells: 5/15 levels left

rFire   + + +        d - staff of fire
rCold   . . .        k - orb {light}
rNeg    + + .        t - +2 robe {rN+}
rPois   .            (helmet restricted)
rElec   .            j - +2 cloak
rCorr   .            (gloves unavailable)
SInv    .            (boots unavailable)
Will    .....        a - amulet of regeneration
Stlth   +            H - ring of protection from fire
HPRegen 1.96/turn    w - ring of positive energy
MPRegen 0.13/turn

%: no passive effects
@: about to teleport, glowing
A: large, unfitting armour, claws 3, regeneration 1, shaggy fur 1, tough skin 1
a: Renounce Religion, Fiery Armour, Foxfire Swarm, Rising Flame


You were on level 9 of the Dungeon.
You worshipped Ignis.
Ignis was extremely pleased with you.
You visited 2 branches of the dungeon, and saw 10 of its levels.
You also visited: Sewer.

You collected 495 gold pieces.

Inventory:

Missiles
 l - 11 poisoned darts (quivered)
 v - a curare-tipped dart
Armour
 j - a +2 cloak (worn)
 k - an orb of light (worn)
 t - a +2 robe of positive energy (worn)
Magical Staves
 d - a staff of fire (weapon)
 m - a staff of death
 q - a staff of poison
 F - a staff of air
Jewellery
 a - an amulet of regeneration (around neck)
 e - a ring of magical power
 w - a ring of positive energy (right claw)
 G - an amulet of magic regeneration
 H - a ring of protection from fire (left claw)
 J - a ring of protection from cold
Wands
 z - a wand of charming (6)
 C - a wand of acid (13)
 D - a wand of roots (10)
 K - a wand of flame (12)
 L - a wand of mindburst (7)
Scrolls
 b - 3 scrolls of poison
 f - 4 scrolls of fog
 h - 3 scrolls of enchant armour
 n - a scroll of summoning
 x - a scroll of acquirement {unknown}
 y - 2 scrolls of fear {unknown}
 E - a scroll of immolation
Potions
 c - a potion of lignification
 g - 5 potions of mutation
 i - 3 potions of curing
 o - a potion of flight
 p - a potion of invisibility
 r - 2 potions of cancellation
 u - 2 potions of heal wounds
 A - a potion of resistance {unknown}
 B - 2 potions of might
 I - a potion of haste


   Skills:
 - Level 6.3 Fighting
 - Level 3.0 Dodging
 - Level 1.0 Stealth
 + Level 11.6 Unarmed Combat
 - Level 3.0 Spellcasting
 - Level 3.1 Conjurations
 - Level 2.1 Fire Magic
 - Level 4.0 Air Magic
 * Level 2.2 Poison Magic


You had 5 spell levels left.
You knew the following spells:

 Your Spells              Type           Power      Damage    Failure   Level
a - Poisonous Vapours     Pois/Air       20%        N/A       9%          2
b - Mephitic Cloud        Conj/Pois/Air  10%        N/A       17%         3
c - Freezing Cloud        Conj/Ice/Air   4%         6-21      92%         5

Your spell library contained the following spells:

 Spells                   Type           Power      Damage    Failure   Level
 Kiss of Death            Conj/Necr      24%        2d7       12%         1
 Scorch                   Fire           24%        2d6       13%         2
 Momentum Strike          Conj/Tloc      12%        3d8       17%         2
 Blink                    Tloc           4%         N/A       32%         2
 Lesser Beckoning         Tloc           4%         N/A       32%         2
 Confusing Touch          Hex            2%         N/A       54%         3
 Gell's Gravitas          Tloc           2%         N/A       54%         3
 Teleport Other           Tloc           2%         N/A       54%         3
 Flame Wave               Conj/Fire      14%        2d6       56%         4
 Dispel Undead            Necr           2%         3d7       91%         4
 Manifold Assault         Tloc           2%         N/A       91%         4
 Summon Cactus Giant      Summ           1%         N/A       100%        6
 Storm Form               Tmut/Air       3%         N/A       100%        7


Dungeon Overview and Level Annotations

Branches:
Dungeon (9/15)             Temple (1/1) D:4            Lair (0/5) D:9
  Sewer (visited)
    Orc: D:9-12

Altars:
Ashenzari
Cheibriados
Dithmenos
Elyvilon
Fedhas
Gozag
Hepliaklqana
Kikubaaqudgha
Makhleb
Nemelex Xobeh
Okawaru
Qazlal
Ru
Sif Muna
Trog
Uskayaw
Vehumet
Wu Jian
Xom
Yredelemnul
Zin
The Shining One

Annotations:
D:1 9 gold pieces behind walls
D:9 Amaemon


Innate Abilities, Weirdness & Mutations

You are too large for most types of armour.
You have claws for hands.
Your natural rate of healing is unusually fast.
You are covered in fur. (AC +1)
You have tough skin. (AC +1)


Message History

The eight-headed hydra bites you. The eight-headed hydra bites you!
The eight-headed hydra bites you. x2
The eight-headed hydra barely misses you.
The eight-headed hydra bites you.
The eight-headed hydra completely misses you.
The eight-headed hydra bites you but does no damage.
The eight-headed hydra bites you.
The eight-headed hydra bites you but does no damage.
The eight-headed hydra bites you. The eight-headed hydra bites you!
The eight-headed hydra bites you but does no damage.
The eight-headed hydra bites you. x3
Unknown command.
Okay, then.
Aiming: Mindburst
Press: ? - help, Shift-Dir - straight line, f - eight-headed hydra
Aim: an eight-headed hydra (lightly wounded, haloed, chance to affect: 29%)
Okay, then.
Okay, then.
As you read the scroll of teleportation, it crumbles to dust.
You feel strangely unstable.
The eight-headed hydra barely misses you.
The eight-headed hydra bites you. The eight-headed hydra bites you! x2
* * * LOW HITPOINT WARNING * * *
The eight-headed hydra bites you!
* * * LOW HITPOINT WARNING * * *
The eight-headed hydra barely misses you.
The eight-headed hydra bites you!
* * * LOW HITPOINT WARNING * * *
The eight-headed hydra barely misses you.
It was a potion of heal wounds.
You feel much better.
An efreet comes into view.
It is wielding a +4 scimitar of flaming.
The eight-headed hydra bites you but does no damage.
The eight-headed hydra bites you!
* * * LOW HITPOINT WARNING * * *
The eight-headed hydra bites you!
* * * LOW HITPOINT WARNING * * *
The eight-headed hydra barely misses you. x2
The eight-headed hydra closely misses you.
The eight-headed hydra bites you.
You die...

##.......####..[......
##.#..### #....#.#..
###.## ##...###.. ##
### ###....... .#.
##### #...#.....
#.##.#
#...###...#.....
#.R.###.......#.#....#
#☼##D##.#.....#.......
#. ##@....##..#.......
# #.##...............
## ##.....##.......
#...<..........
...............
##.#.....##.###.
####....# ## ##### #


You could see an eight-headed hydra and an efreet (wandering).

Vanquished Creatures
  A boulder beetle (D:9)
  A two-headed ogre (D:8)
  Pikel (D:4)
  A cyclops (D:7)
  A troll (D:8)
  A hornet (D:7)
  Grinder (D:3)
  A wyvern (D:9)
  2 wargs
  2 water moccasins
  3 orc warriors (D:8)
  2 ice beasts
  3 black bears
  3 sky beasts
  An ogre (D:7)
  A boggart (D:9)
  3 centaurs (D:7)
  2 phantoms
  2 kobold brigands (D:7)
  Blork the orc (D:4)
  6 bullfrogs
  A gnoll sergeant (D:8)
  4 scorpions
  9 wights
  5 killer bees (D:9)
  A howler monkey (D:8)
  An electric eel (D:8)
  2 orc priests
  A gnoll bouda (D:5)
  An iguana (D:7)
  A sleepcap (D:7)
  9 orc wizards
  Natasha (thrice) (D:2)
  13 adders
  15 gnolls
  A river rat (D:5)
  2 shadow imps
  A white imp (D:6)
  2 ufetubi
  2 dart slugs
  28 orcs
  10 ball pythons
  7 bats
  6 endoplasms
  10 giant cockroaches
  9 goblins
  10 hobgoblins
  9 jackals
  13 quokkas
  5 frilled lizards
  7 kobolds
  4 rats
  A spectral kobold (D:6)
232 creatures vanquished.

Vanquished Creatures (collateral kills)
  A jackal (D:4)
  A kobold (D:4)
2 creatures vanquished.

Grand Total: 234 creatures vanquished

Notes
Turn   | Place    | Note
-------+----------+-------------------------------------------
     0 | D:1      | Nonny the Troll Cinder Acolyte began the quest for the Orb.
     0 | D:1      | Reached XP level 1. HP: 22/22 MP: 1/1
     5 | D:1      | Noticed an elephant
    69 | D:1      | Reached XP level 2. HP: 29/29 MP: 2/2
    90 | D:1      | Noticed an elephant
    96 | D:1      | Starting vault: elephant exhibition.
   256 | D:1      | staff of fire in hallway towards northeast
   812 | D:2      | Noticed Natasha
   816 | D:2      | Killed Natasha
   817 | D:2      | Reached skill level 4 in Unarmed Combat
   817 | D:2      | Reached XP level 3. HP: 37/37 MP: 3/3
   832 | D:2      | Learned a level 2 spell: Poisonous Vapours
   910 | D:2      | Reached XP level 4. HP: 38/45 MP: 4/4
  1067 | D:2      | staff of death
  1298 | D:2      | Noticed Natasha
  1306 | D:2      | Killed Natasha
  1310 | D:2      | Noticed Natasha
  1320 | D:2      | Killed Natasha
  1638 | D:3      | Noticed Grinder
  1708 | D:3      | Reached XP level 5. HP: 53/53 MP: 5/5
  1820 | D:3      | Reached skill level 5 in Unarmed Combat
  1839 | D:3      | Found a faded altar of an unknown god.
  1881 | D:3      | Found a sacrificial altar of Ru.
  1941 | D:3      | +2 robe of positive energy (rN+) on goblin
  1969 | D:3      | Found a shadowy altar of Dithmenos.
  1985 | D:3      | regen amulet :)
  2261 | D:3      | Killed Grinder
  2262 | D:3      | Reached skill level 1 in Stealth
  2262 | D:3      | Reached skill level 6 in Unarmed Combat
  2262 | D:3      | Reached XP level 6. HP: 61/61 MP: 6/6
  2453 | D:4      | Noticed Pikel
  2464 | D:4      | Killed Pikel
  2465 | D:4      | Reached skill level 7 in Unarmed Combat
  2465 | D:4      | Reached XP level 7. HP: 46/67 MP: 7/7
  2638 | D:4      | Noticed Blork the orc
  2645 | D:4      | Killed Blork the orc
  2646 | D:4      | Reached skill level 8 in Unarmed Combat
  2690 | D:4      | Found a staircase to the Ecumenical Temple.
  2705 | D:4      | Reached XP level 8. HP: 76/78 MP: 8/8
  2730 | Temple   | Entered the Ecumenical Temple
  2787 | Temple   | Temple: 4-leaf clover
  2894 | D:5      | Entered Level 5 of the Dungeon
  3024 | D:5      | Found a glowing drain.
  3028 | Sewer    | Entered a sewer
  3330 | Sewer    | staff of poison
  3446 | D:5      | Reached skill level 9 in Unarmed Combat
  3460 | D:5      | Learned a level 3 spell: Mephitic Cloud
  3584 | D:5      | Reached skill level 1 in Air Magic
  3839 | D:5      | amulet of the acrobat in south
  4232 | D:6      | Reached XP level 9. HP: 67/84 MP: 9/9
  4360 | D:6      | Book of Touch
  4611 | D:6      | Found a hazy altar of Hepliaklqana.
  4804 | D:7      | Reached skill level 1 in Conjurations
  4825 | D:7      | staff of air in west
  4995 | D:7      | Found the +18 Lear's hauberk
  4996 | D:7      | Lear's hauberk at center of foor.
  5086 | D:7      | Reached skill level 5 in Fighting
  5133 | D:7      | Learned a level 5 spell: Freezing Cloud
  5159 | D:7      | Noticed a cyclops
  5207 | D:7      | Paralysed by a hornet for 2 turns
  5311 | D:7      | Killed a cyclops
  5312 | D:7      | Reached XP level 10. HP: 81/98 MP: 13/13
  5332 | D:7      | amulet of magic regen
  5553 | D:8      | Found a glowing silver altar of Zin.
  5727 | D:8      | +2 pair of gloves guarded by orc, orc wizard, and orc
                  | warrior
  5974 | D:8      | Found a broken altar of Ashenzari.
  6058 | D:8      | Reached skill level 10 in Unarmed Combat
  6523 | D:9      | Noticed a two-headed ogre
  6539 | D:8      | Killed a two-headed ogre
  6540 | D:8      | Reached skill level 1 in Poison Magic
  6650 | D:9      | Found a staircase to the Lair.
  6786 | D:9      | Found a shimmering blue altar of Sif Muna.
  6815 | D:9      | Noticed a boulder beetle
  6816 | D:9      | Noticed Amaemon
  6859 | D:9      | Reached skill level 11 in Unarmed Combat
  6871 | D:9      | Killed a boulder beetle
  7128 | D:9      | another +2 pair of gloves
  7155 | D:9      | boggart in southwest
  7158 | D:9      | Noticed an eight-headed hydra
  7163 | D:9      | HP: 5/100 [eight-headed hydra (14)]
  7164 | D:9      | Slain by an eight-headed hydra

Illustrated notes #....... #....... +....... #### #....... ♣♣♣..♣♣♣ #####....... ♣Y♣.<♣Y♣ ##..)........ ####..#####..#########. #..#''#..##.## #. #.....@..##.# #. #........#..# #. #..........## ## ############ Turn 96 on D:1: Starting vault: elephant exhibition. ############ #.........@# >..########.# #.####### #.......# #######.# #.# #.# #.# #.# Turn 256 on D:1: staff of fire in hallway towards northeast #<##.##.. #..###.# #..#.##.# #####....... ##.#.##.# #..........# #.#.##.# #.####...... #.#.##.# #######.####...... #.#.##.# #................. #.#.##.###.###............. #..............#.####.#.... #.#.##....@#####.# #.###.# #.####.##### #.# #.. .# #.# #.. #.# #### # #.. .... #.# ### ###..# #.# ..# #.# ..# Turn 1067 on D:2: staff of death ....#####......###......#..## .................#.#.##.# .............).#.#...# .# ......##.......#.....# # ......##.......#.....# .<.............#.....# .....####.####.......# .....##.....##..)#....... ####.#.......#..@######... .###.#.......#†..........# ........._.......#.###.. # ##...#.......#...#.# #...#.......#...# # #...##.....##..... #...####.####.....# ##.......... ......# .......#..#....>..... Turn 1941 on D:3: +2 robe of positive energy (rN+) on goblin .#..#....>...........# ##..#...####.###.##### ....#... .......†########## ....### ............†....# ...... .................# ..# .................# #.## .....####.####...# ...# .....#.......#...# #8.# .....#.@.....# ..# '..# ###. #)......# .# #8.# .^..._...# ## ...# #..#......(# .### #..#.......# .# #. #.......# .# # ####^#### .# .. ## Turn 1985 on D:3: regen amulet :) #....._....## ##...._.....# #...........# #...........# #......._...###..._.......# ###..........#..........### ###....._..#.._.....### ###.............### ###.........### ###..<..### ###....@....### ###.............### ###....._..#.._.....### ###..........#..........### #......._...###..._.......# #...........# #...........# #....._....## ##...._.....# ##.........# #.........## #.._.....## ##....._..# Turn 2787 on Temple: Temple: 4-leaf clover #~# ##≈≈†≈≈≈≈≈≈.~≈~.# #~# #≈≈≈≈~≈≈≈≈≈~~≈~.# #~# ##≈~≈≈≈~≈≈≈≈~≈≈~÷# #.# #≈≈~~~≈≈~≈≈≈~≈≈~.# #.# #≈~∩.~~≈~~≈≈~≈≈~.# #~# ##≈≈..~..~~≈~≈~≈~.# #.# #≈≈≈≈~.~~~.≈~≈~≈~.# #.# #≈≈≈≈≈~~~~~≈≈~≈≈~.# ### #.# #≈≈≈≈≈@(.~≈≈≈≈~≈~.# #.# #.# #≈≈≈≈.)$?.≈≈≈~~≈~.# #∩# #.# #≈≈≈≈~.[.≈≈≈≈~~≈~.# #.# #.# #≈≈≈≈~..≈≈≈≈≈.~≈~.# #∩# #.# ##≈≈≈≈.≈≈≈≈≈≈.~≈~.# #.# #.# #≈≈≈≈≈≈≈≈≈~≈.~≈~.# #.# #.# #≈≈≈≈≈≈≈≈~≈†.~≈~.###~# #.# ##≈≈≈≈≈≈≈≈≈#.~≈~.##.~. #.# ≈≈≈≈≈≈≈#.~≈~.##~~~ Turn 3330 on Sewer: staff of poison .##...# #............. ....##.. . #...# #.............. .....##.. #...# #...........#. #.##..##.. ....###............ ... .... . ##...............#.# .# ###. ..........#..#..#.#.. ..#.#....#.......... ....#....#.....#.#. #.# #.......#@.# .. .................# .............#.##.# .............. .# #########.### # #.# ..# #.# Turn 3839 on D:5: amulet of the acrobat in south #... .# #... ...# # #...# #... #...# #... ### #...# #... ....#####...##### #.#.. ###.............. . ##. ......:@......... .. .##?..........[.. ... #.###.#...#.## # #.#...#.# #.#...#.# #....)).##### #............##. #>#...#.####.##.## #.##..)....# #..( Turn 4360 on D:6: Book of Touch ###............ #..................... ###................... #.###............... ##.##............... ###..............#.# #..................## ##...#.....>......... ##..###.#....@....... #....#.#............. ###..#.......#....... #..#....#.##....... #.........##...###. ##..##.........# #.....)......... #.....#......... #...##........... Turn 4825 on D:7: staff of air in west ......##. ######....f..... ####..##.......... #.#.........<....# .................# . .................## ..#. ......#.....).....#..... ##<.....#.......@....... #.#...###...........#.. ####..# #..!..##...##.. ###...###....###.##.... #...####.........#..... ##..# ##.....##....##[ #...# ##..###......### ##..####....#.........# #..###................. Turn 4996 on D:7: Lear's hauberk at center of foor.

###...## ###..)...###
..#....# ###...##.#...###
.......###.)~###.)###~..###
......##....##..^...##....##
###..##^≈..##..####..##..~.##
.....#...~##..##..##..##~...#
.....#~...#..##≈.§§##..#...~#
.##....≈≈.#8....##.§#.8#.~~.#
.....#...~#..#≈.@=§≈#..#≈...#
.....#...≈#..#≈.>⌠.≈#^[#~.[.#
.....#.~~.#8.#..##..#.8#.)≈.#
.....#~...#..##≈..≈##..#...~#
.....#...~##.)##..##†.##~...#
..#..##.≈..##(.####..##..~.##
..#... #....##.(....##....##
..~###..###...#.#
#...#.##...###.#


Turn 5332 on D:7: amulet of magic regen ######### #.......##### ###.#≈≈≈≈.≈≈≈≈#
####....≈##≈.≈##≈# ..#.....≈###'## ######### #.#.....≈≈#)))# #........
#.#.####≈≈#...# #........ ##.##.#<####≈≈#.@.# ####........ ............≈######
≈.. +........ ...##.#...).≈##≈≈≈##≈# #...).... #.#.####≈≈≈≈≈≈≈≈≈####........
#.#......................#### #.#########...##########.# # #.
#####.....########.# # .. ..............))...# # .. ........####.####..# # Turn
5727 on D:8: +2 pair of gloves guarded by orc, orc wizard, and orc warrior .##
##..# ... ## #####...# #.. ##.####..#.....####..## #..#..#.......>.......##
#.........#............# #.....[...#.........#..# #......@..#........##..#
#....(.............#.... #.....#.##.....#........ ####..####.....##....##.
##...####.........†..... ###...##..#............... ##.........................
#..^#.##..#.............†.. #.........##............... Turn 7128 on D:9:
another +2 pair of gloves ##.......####..[........ ##.#..### #....#.#.... ###.##
##...###...# ### ###.......## ##### #...#......# #...###...#.......
#.......#.#....##. #.##.#.....#......... #..@..##..#........(
#.##................. # ##.....##......... #...<............ .................
##.#.....##.###... ####....# ##.. ##### ### # Turn 7155 on D:9: boggart in
southwest

Levels and vault maps discovered:
D:1:      sevenhm_arrival_forest_fort_small_2, layout_basic, minmay_surrounded
D:2:      layout_loops_ring, uniq_natasha
D:3:      layout_basic, old_standard_altar, lemuel_tele_altar,
          dreamdust_ecumenical_altar_angels_and_demons,
          nicolae_figureground_sparkle, uniq_grinder
D:4:      layout_rooms, minmay_temple_entry_ruins, uniq_pikel,
          uniq_blork_the_orc
D:5:      layout_basic, gup_sewer_entry_spiral, serial_park_tiny_2
D:6:      layout_loops_cross, nicolae_hepliaklqana_monster_ancestors
D:7:      layout_cave_pools, nzn_random_ring
D:8:      layout_basic, kennysheep_mini, old_standard_altar, lightli_minifort
D:9:      minmay_cornered_nines, layout_cave_pools, led_sif_pool,
          erik_lair_orcish_takeover, eino_tiny_chamber,
          minmay_chambers_of_fives, uniq_amaemon
Temple:   nicolae_temple_x_marks_the_god

Skill      XL: |  1  2  3  4  5  6  7  8  9 10 |
---------------+-------------------------------+-----
Fighting       | 3 4 6 |  6.3
Unarmed Combat | 4 6 7 8 9 11 | 11.6
Stealth        | 1 |  1.0
Dodging        | 2 3 |  3.0
Air Magic      | 3 4 |  4.0
Conjurations   | 3 |  3.1
Spellcasting   | 2 3 |  3.0
Poison Magic   | 2 |  2.2
Fire Magic     | |  2.1

Action                     |  1- 3 |  4- 6 |  7- 9 | 10-12 || total
---------------------------+-------+-------+-------+-------++-------
  Melee: Unarmed           |    81 |   105 |   316 |   135 ||   637
         Staff             |       |       |       |     2 ||     2
   Cast: Poisonous Vapours |       |       |       |     6 ||     6
         Mephitic Cloud    |       |       |       |     3 ||     3
    Use: Scroll            |       |     8 |     6 |     2 ||    16
         Potion            |       |       |     2 |     1 ||     3
   Stab: Confused          |       |       |       |     1 ||     1
 Armour: Robe              |    41 |    50 |   119 |    48 ||   258
         Skin              |       |       |     1 |       ||     1
  Dodge: Dodged            |    32 |    49 |   149 |    65 ||   295
